 Dungeon Crawl Stone Soup version 0.18.1-50-g88ac8fd (console) character file.

1451 Kloppie the Carver (level 8, -1/111 HPs)
             Began as a Black Draconian Berserker on Oct 16, 2016.
             Was a Priest of Trog.
             Slain by Pikel
             ... wielding a +2 whip of freezing
              (3 damage)
             ... on level 6 of the Dungeon.
             The game lasted 00:08:12 (5457 turns).

Kloppie the Carver (Black Draconian Berserker)      Turns: 5457, Time: 00:08:13

Health: -1/111     AC:  7    Str: 28    XL:     8   Next: 47%
Magic:  17/17      EV: 13    Int:  9    God:    Trog [***...]
Gold:   172        SH:  0    Dex: 12    Spells: 0 memorised, 7 levels left

rFire  . . .     SeeInvis .     a - +0 long sword
rCold  . . .     Gourm    .     (armour unavailable)
rNeg   . . .     Faith    .     (no shield)
rPois  .         Spirit   .     (helmet restricted)
rElec  +         Dismiss  .     A - +0 cloak
rCorr  .         Reflect  .     (no gloves)
SustAt .         Harm     .     (no boots)
MR     .....                    (no amulet)
Stlth  ..........               u - ring of magical power
                                f - +4 ring of strength

@: berserking, slowed, not resistant to hostile enchantments, extremely
unstealthy
A: breathe lightning, unfitting armour, electricity resistance, cold-blooded, AC
+6
a: Breathe Lightning, Berserk, Trog's Hand, Burn Spellbooks, Renounce Religion


You were on level 6 of the Dungeon.
You worshipped Trog.
Trog was most pleased with you.
You were hungry.

You visited 1 branch of the dungeon, and saw 6 of its levels.

You collected 172 gold pieces.

Inventory:

Hand Weapons
 a - a +0 long sword (weapon)
 p - the +4 long sword "Loabomp" {slice, rF+ rC+ SInv, unknown}
   (You found it on level 6 of the Dungeon)

   It inflicts extra damage upon your enemies.
   It protects you from fire.
   It protects you from cold.
   It lets you see invisible.
 r - a +0 falchion
Armour
 h - a +0 shield
 A - a +0 cloak (worn)
Jewellery
 f - a +4 ring of strength (left hand)
 u - a ring of magical power (right hand)
Wands
 m - a wand of iceblast (10/15)
 n - a wand of slowing (21/48)
 y - a wand of disintegration (13/24)
Scrolls
 e - a scroll of teleportation {unknown}
 g - a scroll of magic mapping {unknown}
 i - 4 scrolls of remove curse {unknown}
 o - a scroll of amnesia {unknown}
 w - a scroll of noise {unknown}
 x - 2 scrolls of immolation {unknown}
Potions
 c - a potion of cure mutation
 j - a potion of agility
 k - 3 potions of curing
 l - 3 potions of lignification
 q - a potion of brilliance
 t - 3 potions of haste
 v - a potion of resistance {unknown}
 z - a potion of might {unknown}
Comestibles
 b - 3 bread rations
 d - 8 fruits
 s - 2 meat rations


   Skills:
 - Level 7.7 Fighting
 + Level 8.0 Long Blades
 + Level 4.4 Dodging


You had 7 spell levels left.
You didn't know any spells.

Dungeon Overview and Level Annotations

Branches:
Dungeon (6/15)
 Temple: D:4-7

Altars:
Kikubaaqudgha
Makhleb
Qazlal
Sif Muna
Yredelemnul
Zin
The Shining One

Annotations:
D:6 Pikel


Innate Abilities, Weirdness & Mutations

You can breathe wild blasts of lightning.
Your glossy black scales are hard (AC +6).
Your body does not fit into most forms of armour.
You are resistant to electric shocks.
You are cold-blooded and may be slowed by cold attacks.


Message History

Pikel freezes you.
* * * LOW HITPOINT WARNING * * *
The slave hits you.
* * * LOW HITPOINT WARNING * * *
The slave closely misses you.
Eat which item? (? for menu, Esc to quit)
Pikel hits you with a whip of freezing.
* * * LOW HITPOINT WARNING * * *
Pikel freezes you.
* * * LOW HITPOINT WARNING * * *
The slave barely misses you. The slave hits you!
* * * LOW HITPOINT WARNING * * *
That choko was very bland.
A red film seems to cover your vision as you go berserk!
You feel yourself moving faster!
You feel mighty!
You are feeling hungry.
Pikel hits you with a whip of freezing!
* * * LOW HITPOINT WARNING * * *
Pikel freezes you.
You die...

.>........###..#####
.....#..#...#......##..
.###.#...>............
#..##......##..... ##.
###.....##.... #.
###......... .
#......###...
..#####.?.##p#.....
#....[...pK@p......
##.####.####....... #.#
##..... .K# .... #.##
... #p .. #. . #.


You could see Pikel and 3 slaves.

Vanquished Creatures
  A hill giant (D:6)
  Sigmund (D:4)
  A phantom (D:4)
  A centaur (D:5)
  A scorpion (D:4)
  A giant frog zombie (D:6)
  5 orc priests
  Crazy Yiuf (D:4)
  A hound (D:5)
  2 iguanas
  An orc wizard (D:5)
  Natasha (D:2)
  Ijyb (D:2)
  2 worker ants
  Robin (D:2)
  2 adders
  3 gnolls (D:4)
  A shadow imp (D:6)
  3 oozes
  An adder skeleton (D:4)
  A worm (D:1)
  A giant gecko (D:2)
  17 orcs
  8 bats
  4 giant cockroaches
  14 goblins
  8 hobgoblins
  4 quokkas
  A giant gecko skeleton (D:4)
  5 giant newts
  2 kobolds (D:2)
  A quokka skeleton (D:6)
  5 rats
102 creatures vanquished.

Notes
Turn   | Place    | Note
--------------------------------------------------------------
     0 | D:1      | Kloppie the Draconian Berserker began the quest for the Orb.
     0 | D:1      | Reached XP level 1. HP: 19/19 MP: 1/1
   598 | D:1      | Reached XP level 2. HP: 26/26 MP: 2/2
  1067 | D:2      | Found a basalt altar of Yredelemnul.
  1089 | D:2      | Found an ancient bone altar of Kikubaaqudgha.
  1122 | D:2      | Reached ** piety under Trog
  1126 | D:2      | Reached XP level 3. HP: 33/33 MP: 3/3
  1160 | D:2      | Noticed Robin
  1177 | D:2      | Killed Robin
  1177 | D:2      | Reached skill level 4 in Long Blades
  1382 | D:2      | Reached XP level 4. HP: 38/41 MP: 4/4
  1809 | D:2      | Noticed Ijyb
  1809 | D:2      | Noticed Natasha
  1825 | D:2      | Killed Natasha
  1839 | D:2      | Killed Ijyb
  1839 | D:2      | Reached skill level 5 in Fighting
  2005 | D:3      | Reached XP level 5. HP: 43/48 MP: 5/5
  2141 | D:3      | Found a stormy altar of Qazlal.
  2188 | D:3      | Found a faded altar to an unknown god.
  2229 | D:3      | Found a deep blue altar of Sif Muna.
  2318 | D:3      | Reached *** piety under Trog
  2462 | D:3      | Found a glowing silver altar of Zin.
  2909 | D:4      | Reached skill level 5 in Long Blades
  3122 | D:4      | Reached XP level 6. HP: 57/57 MP: 6/6
  3208 | D:4      | Noticed Sigmund
  3225 | D:4      | Killed Sigmund
  3679 | D:4      | Your scales start taking on a glossy black colour.
  3679 | D:4      | Reached XP level 7. HP: 64/64 MP: 7/7
  3679 | D:4      | Gained mutation: You are resistant to electric shocks. [Black Draconian growth]
  3854 | D:4      | Reached skill level 6 in Long Blades
  3894 | D:4      | Noticed Crazy Yiuf
  3900 | D:4      | Killed Crazy Yiuf
  4451 | D:5      | Entered Level 5 of the Dungeon
  4458 | D:5      | Found a burning altar of Makhleb.
  4895 | D:5      | Reached skill level 7 in Long Blades
  5348 | D:6      | Noticed a hill giant
  5357 | D:6      | Killed a hill giant
  5357 | D:6      | Reached skill level 8 in Long Blades
  5357 | D:6      | Reached XP level 8. HP: 74/74 MP: 8/8
  5396 | D:6      | Found a glowing golden altar of the Shining One.
  5404 | D:6      | Got a pitted long sword
  5436 | D:6      | Noticed Pikel
  5457 | D:6      | HP: 2/111 [Pikel/whip of freezing (7)]
  5457 | D:6      | Slain by Pikel

Skill      XL: |  1  2  3  4  5  6  7 |
---------------+----------------------+-----
Fighting       | 4 5 6 7 |  7.7
Long Blades    | 4 5 8 |  8.0
Dodging        | 4 |  4.4

Action                   |  1- 3 |  4- 6 |  7- 9 || total
-------------------------+-------+-------+-------++-------
Melee: Falchion          |    99 |   170 |    50 ||   319
       Tailslap          |     7 |    27 |    28 ||    62
       Long sword        |       |       |    89 ||    89
Invok: Berserk           |     3 |     5 |     3 ||    11
       Trog's Hand       |       |     1 |     1 ||     2
Evoke: Wand              |       |     1 |       ||     1
  Use: Scroll            |       |       |     3 ||     3
 Stab: Sleeping          |     2 |     1 |       ||     3
  Eat: Chunk             |     4 |    11 |     8 ||    23
       Fruit             |       |     1 |     1 ||     2
Armor: Skin              |    30 |    32 |    38 ||   100
Dodge: Dodged            |    87 |   110 |    86 ||   283
